 Dungeon Crawl Stone Soup version 0.22-a0-430-g6609fc6 (webtiles) character file.

19 DrEnzyme the Insei (level 2, 0/23 HPs)
             Began as a Gnoll Wanderer on May 25, 2018.
             Slain by a kobold
             ... wielding a +0 short sword
              (6 damage)
             ... on level 1 of the Dungeon.
             The game lasted 00:00:40 (509 turns).

DrEnzyme the Insei (Gnoll Wanderer)                  Turns: 509, Time: 00:00:41

Health: 0/23       AC:  2    Str: 13    XL:     2   Next: 75%
Magic:  2/2        EV: 11    Int: 13    God:
Gold:   16         SH:  0    Dex: 16    Spells: 2/2 levels left

rFire    . . .     SeeInvis .   e - +0 dagger
rCold    . . .     Gourm    .   (no shield)
rNeg     . . .     Faith    .   d - +0 robe
rPois    .         Spirit   .   (no helmet)
rElec    .         Reflect  .   (no cloak)
rCorr    .         Harm     .   (no gloves)
MR       .....                  (no boots)
Stlth    ++........             (no amulet)
HPRegen  0.07/turn              (no ring)
MPRegen  0.08/turn              (no ring)

@: no status effects
A: distributed training, fangs 1, strong nose
a: no special abilities


You were on level 1 of the Dungeon.
You were not hungry.

You visited 1 branch of the dungeon, and saw 1 of its levels.

You collected 16 gold pieces.

Inventory:

Hand Weapons
 e - a +0 dagger (weapon)
Armour
 d - a +0 robe (worn)
Jewellery
 i - a +3 ring of protection {unknown}
Scrolls
 g - a scroll of identify {unknown}
 h - a scroll of immolation {unknown}
Potions
 a - 2 potions of heal wounds
 b - a potion of curing
 c - a potion of lignification
Comestibles
 f - 2 rations


   Skills:
 + Level 2.5 Fighting
 + Level 0.5 Short Blades
 + Level 0.5 Long Blades
 + Level 6.5 Axes
 + Level 0.5 Maces & Flails
 + Level 0.5 Polearms
 + Level 0.5 Staves
 + Level 0.5 Slings
 + Level 0.5 Bows
 + Level 0.5 Crossbows
 + Level 0.5 Throwing
 + Level 2.5 Armour
 + Level 0.5 Dodging
 + Level 2.3 Stealth
 + Level 2.5 Shields
 + Level 6.5 Unarmed Combat
 + Level 0.5 Spellcasting
 + Level 0.3 Conjurations
 + Level 0.3 Hexes
 + Level 0.3 Charms
 + Level 0.3 Summonings
 + Level 0.3 Necromancy
 + Level 0.3 Translocations
 + Level 0.3 Transmutations
 + Level 0.3 Fire Magic
 + Level 0.3 Ice Magic
 + Level 0.3 Air Magic
 + Level 0.3 Earth Magic
 + Level 0.3 Poison Magic
 + Level 0.6 Invocations
 + Level 0.5 Evocations


You had 2 spell levels left.
You didn't know any spells.
Your spell library was empty.

Dungeon Overview and Level Annotations

Branches:
Dungeon (1/15)

Altars:


Innate Abilities, Weirdness & Mutations

Your experience applies equally to all skills.
You have very sharp teeth.
Your uncanny sense of smell can sniff out nearby items.


Message History

The kobold hits you but does no damage.
You hit the kobold but do no damage. The rat barely misses you.
The kobold hits you but does no damage.
You hit the rat but do no damage. The rat closely misses you.
You completely miss the rat. The kobold barely misses you.
The rat barely misses you.
You closely miss the rat. The kobold hits you with a short sword.
The rat barely misses you.
You hit the rat but do no damage. The kobold hits you with a short sword.
* * * LOW HITPOINT WARNING * * *
The rat bites you but does no damage.
You hit the rat.
You kill the rat!
The kobold hits you but does no damage.
You hit the kobold but do no damage. The kobold hits you but does no damage.
You hit the kobold but do no damage. The kobold hits you but does no damage.
You hit the kobold but do no damage. You bite the kobold.
The kobold is severely wounded.
The kobold hits you with a short sword.
You die...

. #.#####....#### .
#######..............
.!.%[.######.....####
....... #...).#
....... #.....#
.......#####.....#
#..).....#.#.#
########.K...#
#.†@..# #.....#
....###.# #...... .#
#....## # #.... ###..
#..


You could see a kobold.

Vanquished Creatures
  A gnoll (D:1)
  A dart slug (D:1)
  A goblin (D:1)
  2 jackals (D:1)
  2 kobolds (D:1)
  A rat (D:1)
8 creatures vanquished.

Notes
Turn   | Place    | Note
-------+----------+-------------------------------------------
     0 | D:1      | DrEnzyme the Gnoll Wanderer began the quest for the Orb.
     0 | D:1      | DrEnzyme set off with: 2 potions of heal wounds, a potion of curing, a potion of lignification, a +0 robe, a +0 dagger, a ration
     0 | D:1      | Reached XP level 1. HP: 17/17 MP: 1/1
   369 | D:1      | Reached XP level 2. HP: 19/23 MP: 2/2
   509 | D:1      | Slain by a kobold

Vault maps used:
D:1:      lemuel_arrival_lava_pool

Action                   || total
-------------------------++-------
Melee: Dagger            ||    54
       Bite              ||     6
       Punch             ||     2
Armor: Robe              ||    13
Dodge: Dodged            ||    32

Table legend:
 A = Spawn XP
 B = Non-spawn XP
 C = Spawn XP percentage of total XP
 D = Spawn monster count
 E = Non-spawn monster count
 F = Spawn count percentage of total count
 G = Total turns spent on level
                    A         B        C        D         E        F      G
               +---------+---------+-------+---------+---------+-------+---------
         Total |       0 |      28 |   0.0 |       0 |       8 |   0.0 |   509
               +---------+---------+-------+---------+---------+-------+---------
           D:1 |       0 |      28 |   0.0 |       0 |       8 |   0.0 |   509
               +---------+---------+-------+---------+---------+-------+---------
